Map: Blackpink LE

Players

Juxtapose - Winner!

  • Race: Zerg Zerg
  • League: Gold
  • Spawn Location: 7:00

Fred

  • Race: Protoss Protoss
  • League: Platinum
  • Spawn Location: 1:00

VOD

https://youtu.be/551taqrcqLc

Description

I'm not overly pleased with how I played this match. I lost too many Drones early on, my scouting was non-existent, my worker count was too low, I should have gone Lurkers instead of Corruptors, etc.

Still, I held out alright against my opponent.

Time

  • Played on: Dec. 20, 2017, 7:13 p.m.
  • Length: 13:22
Show
View Real Time Build Order
Export as new Build Order

Juxtapose Zerg - Winner!

Build Orders: Hatch First 

Get SALT Encoding   

  12  0:01  Drone  
  13  0:09  Drone  
  14  0:17  Overlord  
  14  0:36  Drone x2  
  16  0:52  Hatchery  
  16  0:53  Drone  
  16  1:01  Extractor  
  15  1:11  Drone  
  16  1:24  Spawning Pool  
  15  1:29  Drone  
  15  1:31  Overlord  
  15  1:32  Drone  
  17  1:45  Drone  
  18  1:52  Drone  
  19  2:04  Drone  
  19  2:08  Drone  
  21  2:15  Queen  
  23  2:16  Queen  
  23  2:18  Zergling x4  
  27  2:26  Extractor  
  27  2:28  Zergling x2  
  27  2:29  Drone  
  28  2:35  Spine Crawler  
  26  2:49  Drone x4  
  30  2:57  Drone  
  30  3:10  Drone  
  28  3:15  Spine Crawler  
  28  3:18  Drone x3  
  27  3:23  Drone  
  27  3:32  Drone x2  
  29  3:38  Spine Crawler  
  28  3:42  Roach Warren  
  28  3:43  Queen  
  29  3:49  Drone x2  
  31  3:58  Drone  
  31  3:59  Drone x2  
  32  4:06  Drone  
  32  4:07  Drone x2  
  31  4:12  Overlord  
  30  4:18  Drone  
  31  4:27  Drone x2  
  31  4:28  Drone  
  31  4:30  Overlord  
  34  4:41  Roach x3  
  34  4:43  Drone  
  41  4:46  Drone  
  41  4:47  Drone  
  41  4:50  Drone  
  44  5:04  Roach  
  44  5:05  Roach x3  
  52  5:13  Lair  
  52  5:17  Overlord  
  52  5:24  Evolution Chamber  
  51  5:37  Extractor  
  51  5:38  Drone x2  
  51  5:39  Extractor  
  51  5:41  Drone x2  
  53  5:43  Drone x4  
  57  5:50  Zerg Missile Weapons Level 1  
  57  5:52  Drone x3  
  57  5:54  Overlord  
  60  6:19  Hydralisk Den  
  60  6:20  Roach x4  
  60  6:21  Overlord  
  60  6:22  Overlord  
  67  6:35  Overseer x2  
  67  6:39  Overseer, Queen  
  69  6:53  Hydralisk x4  
  69  6:54  Hydralisk x3  
  75  6:56  Overlord  
  75  6:58  Glial Reconstitution  
  83  7:04  Muscular Augments  
  83  7:21  Hatchery  
  82  7:29  Hydralisk, Roach x3  
  76  7:50  Hydralisk x5  
  86  7:55  Zerg Ground Armor Level 1  
  86  8:09  Hydralisk x3  
  86  8:11  Overlord  
  90  8:47  Drone x5  
  90  8:48  Drone x6  
  100  8:51  Hydralisk x2  
  106  8:55  Ravager  
  106  9:00  Overlord x3  
  106  9:15  Spore Crawler  
  105  9:21  Hydralisk x6  
  117  9:39  Infestation Pit  
  71  10:09  Hydralisk x5, Roach x6  
  71  10:10  Hydralisk x4  
  97  10:29  Spire, Hive  
  96  10:36  Roach x3  
  96  10:37  Roach x2  
  96  10:38  Overlord x2  
  106  10:51  Extractor  
  106  10:53  Extractor  
  104  11:34  Roach x5  
  104  11:36  Hatchery  
  104  11:37  Roach x3  
  104  11:38  Roach  
  121  11:43  Corruptor, Overlord  
  97  11:58  Hydralisk x4  
  97  11:59  Hydralisk x8  
  113  12:02  Roach  
  111  12:35  Hydralisk x2  
  111  12:36  Hydralisk x5  
  125  12:51  Roach x5  
Show
View Real Time Build Order
Export as new Build Order

Fred Protoss 

Build Orders:  

Get SALT Encoding   

  12  0:00  Probe  
  13  0:16  Pylon  
  13  0:18  Probe  
  14  0:31  Probe (Chrono Boost)  
  15  0:36  Gateway  
  16  0:47  Probe (Chrono Boost)  
  16  0:48  Assimilator  
  16  0:50  Probe (Chrono Boost)  
  17  1:06  Gateway  
  17  1:23  Zealot  
  17  1:24  Cybernetics Core  
  19  1:37  Pylon  
  19  1:43  Probe  
  20  1:47  Assimilator  
  20  1:55  Probe  
  21  2:04  Adept x2 (Chrono Boost)  
  21  2:07  Probe  
  26  2:19  Adept  
  26  2:20  Probe  
  29  2:24  Adept  
  29  2:27  Warp Gate  
  31  2:40  Pylon  
  31  2:55  Probe  
  30  3:07  Probe  
  29  3:30  Probe  
  30  3:36  Nexus  
  30  3:39  Gateway  
  30  3:42  Probe  
  31  3:54  Probe  
  32  4:00  Robotics Facility  
  26  4:18  Gateway  
  26  4:34  Probe  
  27  4:40  Zealot  
  27  4:41  Zealot  
  27  4:43  Robotics Facility  
  31  4:47  Zealot  
  31  4:49  Observer, Probe (Chrono Boost)  
  36  4:55  Probe (Chrono Boost)  
  38  5:01  Probe x3 (Chrono Boost)  
  38  5:05  Probe  
  39  5:09  Pylon  
  39  5:12  Pylon  
  40  5:20  Pylon  
  40  5:25  Pylon  
  40  5:31  Probe x2  
  42  5:38  Immortal  
  46  5:43  Probe x2  
  46  5:45  Assimilator  
  46  5:46  Assimilator  
  48  5:55  Probe x2  
  50  6:07  Probe x2  
  52  6:19  Probe x2  
  52  6:24  Stargate  
  52  6:25  Immortal  
  58  6:28  Sentry x2  
  58  6:29  Sentry x2  
  58  6:31  Probe  
  58  6:32  Probe  
  68  6:35  Immortal  
  72  6:43  Probe  
  72  6:44  Probe  
  74  6:54  Robotics Bay  
  74  7:01  Oracle  
  77  7:13  Probe x2  
  79  7:17  Stalker x3  
  79  7:21  Pylon  
  85  7:22  Pylon  
  85  7:26  Probe  
  86  7:30  Pylon  
  86  7:31  Probe  
  86  7:32  Pylon  
  86  7:35  Pylon  
  82  7:39  Pylon  
  80  7:57  Colossus (Chrono Boost)  
  92  8:00  Colossus (Chrono Boost)  
  92  8:02  Stalker x3  
  98  8:07  Twilight Council  
  98  8:17  Extended Thermal Lance  
  98  8:29  Probe x2  
  99  8:46  Colossus (Chrono Boost)  
  99  8:48  Charge (Chrono Boost)  
  111  8:50  Colossus (Chrono Boost)  
  111  8:56  Zealot x4  
  119  9:23  Zealot  
  119  9:24  Zealot x3  
  127  9:29  Colossus (Chrono Boost)  
  133  9:39  Pylon  
  133  9:41  Pylon  
  133  9:42  Oracle  
  133  9:44  Pylon  
  91  10:12  Zealot  
  91  10:13  Zealot x3  
  99  10:27  Colossus  
  99  10:28  Colossus  
  105  10:32  Pylon, Nexus  
  111  10:43  Zealot x2  
  111  10:44  Zealot x2  
  119  10:53  Forge x2  
  119  10:54  Forge  
  119  10:59  Probe x2  
  118  11:25  Zealot  
  118  11:26  Zealot x2  
  118  11:27  Zealot  
  126  11:37  Pylon  
  90  11:59  Probe  
  90  12:00  Probe  
  72  12:05  Colossus  
  79  12:12  Probe x2  
  69  12:16  Assimilator  
  69  12:19  Assimilator  
  68  12:22  Shield Battery  
  68  12:24  Shield Battery, Probe x2  
  68  12:26  Shield Battery  
  68  12:27  Sentry  
  68  12:28  Sentry x3  
  77  12:36  Probe  
  73  12:53  Stalker x3  
  73  12:54  Stalker  
Tags
 
Add a new tag
Caveats
  • Supply blocks, unpowered buildings, or Contaminate may cause inaccurate times.
  • Supply counts are checked every 10 seconds.